 Dungeon Crawl Stone Soup version 0.30-a0-634-g8abc85282e (webtiles) character file.

Game seed: 7619549445003698853

78 wormed the Insei (level 4, -2/28 HPs)
             Began as an Octopode Transmuter on Jan 14, 2023.
             Slain by an orc
             ... wielding a +0 flail
              (9 damage)
             ... on level 3 of the Dungeon.
             The game lasted 00:02:27 (2418 turns).

wormed the Insei (Octopode Transmuter)              Turns: 2418, Time: 00:02:28

Health: -2/28      AC:  1    Str:  9    XL:     4   Next: 36%
Magic:  5/7        EV: 13    Int: 17    God:
Gold:   130        SH:  0    Dex: 12    Spells: 0/7 levels left

rFire   . . .      SeeInvis .      - Unarmed
rCold   . . .      Faith    .    (no shield)
rNeg    . . .      Spirit   .    (helmet currently unavailable)
rPois   .          Reflect  .    (no amulet)
rElec   .          Harm     .    (no ring)
rCorr   .          Rampage  .    (no ring)
Will    .....                    (no ring)
Stlth   ++                       (no ring)
HPRegen 0.24/turn                (no ring)
MPRegen 0.10/turn                (no ring)
                                 (no ring)
                                 (no ring)

@: appendages (expiring), wereblooded
A: tentacle spike 3, almost no armour, amphibious, 8 rings, camouflage 1,
gelatinous body 1, (nimble swimmer 1), tentacles
a: End Transformation


You were on level 3 of the Dungeon.
One of your tentacles had grown a beastly spike.
You visited 1 branch of the dungeon, and saw 3 of its levels.

You collected 130 gold pieces.

Inventory:

Potions
 a - a potion of lignification
 b - a potion of berserk rage
 e - a potion of curing
 g - a potion of heal wounds {unknown}


   Skills:
 + Level 1.5 Fighting
 * Level 2.7 Dodging
 + Level 3.3 Unarmed Combat
 + Level 2.3 Spellcasting
 * Level 2.8 Transmutations
 + Level 1.0 Ice Magic


You couldn't memorise any spells.
You knew the following spells:

 Your Spells              Type           Power      Damage    Failure   Level
a - Beastly Appendage     Tmut           22%        N/A       6%          1
b - Wereblood             Tmut           11%        N/A       9%          2
c - Ice Form              Ice/Tmut       8%         N/A       63%         4

Your spell library contained the following spells:

 Spells                   Type           Power      Damage    Failure   Level
 Spider Form              Tmut/Pois      6%         N/A       30%         3


Dungeon Overview and Level Annotations

Branches:
Dungeon (3/15)

Altars:

Shops:
D:2 (

Annotations:
D:2 1 runed translucent door, Crazy Yiuf
D:3 Ijyb


Innate Abilities, Weirdness & Mutations

One of your tentacles has grown a beastly spike.
You cannot wear most types of armour.
You are amphibious.
You can wear up to eight rings at the same time.
Your skin changes colour to match your surroundings (Stealth+).
Your rubbery body absorbs attacks. (AC +1, EV +1)
((You are camouflaged when in or above water. (Stealth+)))
You have tentacles for arms and can constrict up to eight enemies at once.


Message History

You kill the orc!
You howl as the wereblood boils in your veins!
An orc comes into view. It is wielding a +0 flail.
The orc closely misses you.
An orc comes into view. It is wielding a +0 mace.
You completely miss the orc. You grab the orc.
You howl as the wereblood boils in your veins!
You constrict the orc, but do no damage.
You hear a shout! x2
An orc comes into view. It is wielding a +0 mace.
The orc closely misses you.
You tentacle-slap the orc.
You pierce the orc.
The orc is heavily wounded.
You constrict the orc.
Ijyb the Twisted Goblin comes into view.
She is wielding a +0 club and carrying a wand of flame (7).
The orc barely misses you.
You tentacle-slap the orc priest but do no damage.
You grab the orc priest. You squeeze the orc priest.
The orc priest is moderately wounded.
You constrict the orc.
You feel a bit better.
You kill the orc!
You constrict the orc priest, but do no damage.
The orc priest mumbles some strange prayers to Beogh against you.
You barely resist.
You tentacle-slap the orc priest but do no damage.
The orc priest is moderately wounded.
You constrict the orc priest, but do no damage.
The orc hits you with a +0 flail.
The orc priest hits you with a +0 hand axe.
You tentacle-slap the orc priest.
The orc priest is moderately wounded.
You howl as the wereblood boils in your veins!
You constrict the orc priest. The orc hits you with a +0 flail!
* * * LOW HITPOINT WARNING * * *
The orc priest closely misses you.
You tentacle-slap the orc priest but do no damage.
The orc priest is heavily wounded.
You constrict the orc priest, but do no damage.
The orc hits you with a +0 flail!
You die...

. .. ... .$. . ..
....#o############
...o.oo@.........#######
#.#...o.Pg.####.........
#..####..+ #..<...... #.
#..# #......... # +..#
#......... #..#
#...<..... ...#
#......... ...#
##........ #........


You could see Ijyb, an orc priest and 4 orcs.

Vanquished Creatures
  2 adders (D:2)
  3 dart slugs
  2 orcs (D:3)
  3 endoplasms
  2 giant cockroaches
  5 hobgoblins
  3 jackals (D:2)
  4 kobolds
  2 quokkas (D:1)
  5 ball pythons
  6 bats
  A frilled lizard (D:2)
  7 goblins
  4 rats
49 creatures vanquished.

Notes
Turn   | Place    | Note
-------+----------+-------------------------------------------
     0 | D:1      | wormed the Octopode Transmuter began the quest for the Orb.
     0 | D:1      | Reached XP level 1. HP: 13/13 MP: 3/3
   301 | D:1      | Reached XP level 2. HP: 18/18 MP: 3/5
   345 | D:1      | Learned a level 2 spell: Wereblood
  1013 | D:2      | Found Ydwoducat's Weapon Boutique.
  1054 | D:2      | Reached XP level 3. HP: 21/23 MP: 2/6
  1491 | D:2      | Found a faded altar of an unknown god.
  1584 | D:2      | Reached XP level 4. HP: 21/28 MP: 3/7
  2028 | D:2      | Reached skill level 1 in Ice Magic
  2104 | D:2      | Found a runed translucent door.
  2105 | D:2      | Noticed Crazy Yiuf
  2392 | D:2      | Learned a level 4 spell: Ice Form
  2414 | D:3      | Noticed Ijyb
  2418 | D:3      | Slain by an orc

Illustrated notes

Levels and vault maps discovered:
D:1:      giann_wishing_wells, layout_basic,
          nicolae_concentric_dashed_squares_wild, minmay_tetromino_t2
D:2:      layout_basic, serial_shops, nicolae_shop_advertising_works
          [nicolae_subvault_shop_adworks],
          shapermc_ecumenical_altar_totnotflames,
          minmay_fractal_squares_gapless_5, uniq_crazy_yiuf_cottage
D:3:      corexii_shack_village, layout_basic, nicolae_titane, uniq_ijyb

Skill      XL: |  1  2  3  4 |
---------------+-------------+-----
Ice Magic      | 1 |  1.0
Fighting       | |  1.5
Dodging        | |  2.7
Unarmed Combat | |  3.3
Spellcasting   | |  2.3
Transmutations | |  2.8

Action                   |  1- 3 |  4- 6 || total
-------------------------+-------+-------++-------
Melee: Unarmed           |    71 |    30 ||   101
       Constrict         |    20 |    10 ||    30
       Tentacles         |    15 |     4 ||    19
       Kick              |    15 |    10 ||    25
 Cast: Beastly Appendage |    18 |     7 ||    25
       Wereblood         |    13 |     7 ||    20
  Use: Scroll            |     3 |     4 ||     7
 Stab: Sleeping          |     3 |     2 ||     5
Armor: Skin              |     6 |     5 ||    11
Dodge: Dodged            |    48 |    30 ||    78

Table legend: (Time is in decaauts)
 A = Elapsed time spent in this place.
 B = Non-inter-level travel time spent in this place.
 C = Inter-level travel time spent in this place.
 D = Time resting spent in this place.
 E = Time spent auto-exploring this place.
 F = Levels seen in this place.
 G = Mean time per level.
                   A        B        C        D        E       F      G
               +--------+--------+--------+--------+--------+-----+--------+
         Total |   2411 |   2360 |     51 |    325 |   1677 |   3 |  803.7 |
       Dungeon |   2411 |   2360 |     51 |    325 |   1677 |   3 |  803.7 |
               +--------+--------+--------+--------+--------+-----+--------+

Top non-repeatable levels by time:
     D:2: 1377 daAuts
     D:1: 1009 daAuts
     D:3: 24 daAuts
